AoeStats
← Professor6899

Arabia

509143023Analyzed
3v3 RM · 6d ago on Sep 25, 2026· 36m 17s· 6 players
Game mode
Random Map
Map size
Normal (6 player)
Population
200
Speed
Normal
Resources
Standard
Victory
Conquest
Starting age
Dark Age
Ending age
Imperial Age
RankedLock teamsTeams togetherTeam positionsShared explorationLock speedFull tech treeHidden civsTurbo modeCheats
Victory
Defeat
🇮🇳 Danes · India
1118
+12
🇮🇳 Inca · India
1086
+14
🇮🇳 Bulgarians · India
1023
+15
🇬🇧 Danes · United Kingdom
1060
-15
🇺🇸 Aztecs · United States
1018
-13
🇵🇪 Khmer · Peru
1017
-13
Wololo
10:11 Feudal Age
9:45 Loom
16:08 Castle Age
actions speak loudr than wololoo
5:28 Loom
11:39 Feudal Age
12:36 Man-at-Arms
15:36 Fletching
17:25 Horse Collar
21:50 Castle Age
Wololo
11:22 Feudal Age
13:09 Double-Bit Axe
13:48 Gold Mining
19:42 Castle Age
20:06 Stone Mining
23:56 Fletching
28:11 Bodkin Arrow
28:35 Padded Archer Armor
29:33 Ballistics
33:10 Murder Holes
NightShade
6:56 Loom
9:36 Feudal Age
17:55 Forging
23:51 Castle Age
24:14 Scale Mail Armor
25:52 Wheelbarrow
25:03 Town Watch
26:40 Iron Casting
26:20 Chain Mail Armor
26:11 Horse Collar
27:44 Hamask
35:29 Arson
35:29 Gambesons
Professor6899
6:52 Loom
12:22 Feudal Age
15:57 Arson
16:25 Scale Mail Armor
16:43 Forging
18:22 Wheelbarrow
23:20 Castle Age
21:41 Double-Bit Axe
26:04 Gambesons
26:20 Squires
26:36 Horse Collar
28:19 Gold Mining
28:25 Stone Mining
30:02 Hand Cart
35:58 Imperial Age
35:35 Gold Shaft Mining
35:44 Stone Shaft Mining
36:51 Heavy Plow
37:06 Bow Saw
Zip Paz
7:22 Loom
10:38 Feudal Age
15:18 Champi Runner
16:44 Padded Archer Armor
16:34 Fletching
22:56 Horse Collar
23:02 Double-Bit Axe
23:07 Gold Mining
27:29 Castle Age
26:53 Forging
26:45 Scale Mail Armor
26:55 Arson
27:35 Champi Warrior
28:17 Squires
29:28 Iron Casting
29:09 Chain Mail Armor
30:04 Wheelbarrow
32:07 Stone Mining
33:30 Stone Shaft Mining
37:31 Gold Shaft Mining
37:06 Bow Saw
Connection lost

Rejoining the realm…

Still unreachable

The connection could not be restored.

Session expired

The server has moved on; the page needs a fresh start.